TOP OF THE 1ST |
Philadelphia Phillies batting - Pitching for Los Angeles Dodgers : RHP Chris Archer
|
Pitching: RHP Chris Archer
|
|
Batting: LHB Leonys Martin
|
0-0: Called Strike 0-1: Ball 1-1: DOUBLE (Flyball, 9LD)
|
Batting: RHB Todd Frazier
|
0-0: Called Strike 0-1: Ball 1-1: Ball 2-1: Ball 3-1: Base on Balls
|
Batting: RHB Giancarlo Stanton
|
0-0: Ball 1-0: Called Strike 1-1: Ball 2-1: SINGLE (Flyball, 89M) Leonys Martin to third Todd Frazier to second Runner from 3rd tries for Home, SAFE, throw by RF to home
|
Batting: LHB Justin Bour
|
0-0: Foul Ball, location: 2F 0-1: Ball 1-1: Ball 2-1: Called Strike 2-2: Ball 3-2: Grounds into double play, 4-6-3 (Groundball, 34) Todd Frazier to third
|
Batting: LHB Kole Calhoun
|
0-0: Foul Ball, location: 2F 0-1: Ball 1-1: Swinging Strike 1-2: Ball 2-2: Strikes out looking
|
Top of the 1st over - 1 run, 2 hits, 0 errors, 1 left on base; Philadelphia 1 - Los Angeles 0 |
BOTTOM OF THE 1ST |
Los Angeles Dodgers batting - Pitching for Philadelphia Phillies : RHP Zack Godley
|
Pitching: RHP Zack Godley
|
|
Batting: LHB Brett Gardner
|
0-0: Bunt for hit to 13 - play at first, batter OUT! 1-3
|
Batting: RHB Jose Peraza
|
0-0: Ball 1-0: Ball 2-0: Called Strike 2-1: SINGLE (Line Drive, 78S)
|
Batting: RHB Josh Donaldson
|
0-0: Ball 1-0: Ball 2-0: Called Strike 2-1: Fly out, F8 (Flyball, 8LD)
|
Batting: RHB Randal Grichuk
|
0-0: Ball 1-0: Called Strike 1-1: Ball 2-1: Foul Ball, location: 2F 2-2: Foul Ball, location: 2F 2-2: Strikes out swinging
|
Bottom of the 1st over - 0 runs, 1 hit, 0 errors, 1 left on base; Philadelphia 1 - Los Angeles 0 |
TOP OF THE 2ND |
Philadelphia Phillies batting - Pitching for Los Angeles Dodgers : RHP Chris Archer
|
Batting: RHB Carson Kelly
|
0-0: DOUBLE (Line Drive, 89M)
|
Batting: RHB Scott Kingery
|
0-0: Ground out 1-3 (Groundball, 13S) Carson Kelly to third
|
Batting: RHB Amed Rosario
|
0-0: Called Strike 0-1: Ball 1-1: Ball 2-1: Ball 3-1: 2-RUN HOME RUN (Flyball, 7D), Distance : 388 ft
|
Batting: RHB Zack Godley
|
0-0: Called Strike 0-1: Ball 1-1: SINGLE (Groundball, 34D)
|
Batting: LHB Leonys Martin
|
0-0: Ball 1-0: Called Strike 1-1: Called Strike 1-2: SINGLE (Groundball, 34) Zack Godley to second Runner from 2nd tries for 3rd, SAFE, throw by RF made to third
|
Batting: RHB Todd Frazier
|
0-0: Ball Leonys Martin steals 2nd base 1-0: Ball 2-0: Called Strike 2-1: Ball 3-1: Called Strike 3-2: SINGLE (Groundball, 6MD) Zack Godley scores Leonys Martin to third Runner from 3rd tries for Home, SAFE, throw by CF to home
|
Batting: RHB Giancarlo Stanton
|
0-0: Called Strike 0-1: Ball 1-1: Swinging Strike 1-2: Strikes out swinging
|
Batting: LHB Justin Bour
|
0-0: Ball 1-0: Ball 2-0: Called Strike 2-1: Ball 3-1: Foul Ball, location: 2F 3-2: Strikes out looking
|
Top of the 2nd over - 4 runs, 5 hits, 0 errors, 1 left on base; Philadelphia 5 - Los Angeles 0 |
BOTTOM OF THE 2ND |
Los Angeles Dodgers batting - Pitching for Philadelphia Phillies : RHP Zack Godley
|
Batting: RHB Jonathan Schoop
|
0-0: Fly out, F7 (Flyball, 7)
|
Batting: LHB Brian Goodwin
|
0-0: Reached on error, E4 (Groundball, 4S)
|
Batting: RHB David Freese
|
0-0: Ball 1-0: Ball Brian Goodwin steals 3rd base 2-0: Called Strike 2-1: Swinging Strike 2-2: Strikes out swinging
|
Batting: RHB Evan Gattis
|
0-0: Foul Ball, location: 2F 0-1: Fly out, F6 (Flyball, 56D)
|
Bottom of the 2nd over - 0 runs, 0 hits, 1 error, 1 left on base; Philadelphia 5 - Los Angeles 0 |
TOP OF THE 3RD |
Philadelphia Phillies batting - Pitching for Los Angeles Dodgers : RHP Chris Archer
|
Batting: LHB Kole Calhoun
|
0-0: Ball 1-0: Ground out 4-3 (Groundball, 34)
|
Batting: RHB Carson Kelly
|
0-0: Called Strike 0-1: Foul Ball, location: 2F 0-2: Strikes out looking
|
Batting: RHB Scott Kingery
|
0-0: Foul Ball, location: 2F 0-1: Hit by Pitch
|
Batting: RHB Amed Rosario
|
0-0: Ball 1-0: Called Strike 1-1: Swinging Strike 1-2: Strikes out looking
|
Top of the 3rd over - 0 runs, 0 hits, 0 errors, 1 left on base; Philadelphia 5 - Los Angeles 0 |
BOTTOM OF THE 3RD |
Los Angeles Dodgers batting - Pitching for Philadelphia Phillies : RHP Zack Godley
|
Batting: RHB Chris Archer
|
0-0: Ball 1-0: Foul Ball, location: 2F 1-1: Ball 2-1: Ball 3-1: Foul Ball, location: 2F 3-2: Ground out U3 (Groundball, 3L)
|
Batting: LHB Brett Gardner
|
0-0: Called Strike 0-1: Foul Ball, location: 2F 0-2: Ball 1-2: Ball 2-2: Ball 3-2: Ground out 5-3 (Groundball, 56)
|
Batting: RHB Jose Peraza
|
0-0: Ball 1-0: Fly out, F9 (Flyball, 89D)
|
Bottom of the 3rd over - 0 runs, 0 hits, 0 errors, 0 left on base; Philadelphia 5 - Los Angeles 0 |
TOP OF THE 4TH |
Philadelphia Phillies batting - Pitching for Los Angeles Dodgers : RHP Chris Archer
|
Batting: RHB Zack Godley
|
0-0: Ball 1-0: Ball 2-0: Foul Ball, location: 2F 2-1: Fly out, F6 (Popup, 4S)
|
Batting: LHB Leonys Martin
|
0-0: Foul Ball, location: 2F 0-1: SINGLE (Line Drive, 56)
|
Batting: RHB Todd Frazier
|
0-0: Ball 1-0: Called Strike Leonys Martin steals 2nd base 1-1: Foul Ball, location: 2F 1-2: Ball 2-2: Fly out, F8 (Line Drive, 8LM)
|
Batting: RHB Giancarlo Stanton
|
0-0: Ball 1-0: Ball 2-0: Called Strike 2-1: Fly out, F8 (Flyball, 8LM)
|
Top of the 4th over - 0 runs, 1 hit, 0 errors, 1 left on base; Philadelphia 5 - Los Angeles 0 |
BOTTOM OF THE 4TH |
Los Angeles Dodgers batting - Pitching for Philadelphia Phillies : RHP Zack Godley
|
Batting: RHB Josh Donaldson
|
0-0: Ball 1-0: Ball 2-0: Foul Ball, location: 2F 2-1: Called Strike 2-2: Foul Ball, location: 2F 2-2: Ball 3-2: Base on Balls
|
Batting: RHB Randal Grichuk
|
0-0: Foul Ball, location: 2F 0-1: Foul Ball, location: 2F 0-2: DOUBLE (Groundball, 5L) Josh Donaldson to third
|
Batting: RHB Jonathan Schoop
|
0-0: 3-RUN HOME RUN (Line Drive, 7D), Distance : 372 ft
|
Batting: LHB Brian Goodwin
|
0-0: Ball 1-0: Ball 2-0: Called Strike 2-1: SOLO HOME RUN (Flyball, 89XD), Distance : 395 ft
|
Batting: RHB David Freese
|
0-0: Called Strike 0-1: Ball 1-1: Ball 2-1: SINGLE (Groundball, 6MD)
|
Batting: RHB Evan Gattis
|
0-0: Ball 1-0: DOUBLE (Line Drive, 78XD) David Freese to third
|
Pinch Hitting: LHB Ichiro Suzuki
|
0-0: Ball 1-0: Foul Ball, location: 2F 1-1: Called Strike 1-2: Ground out 1-3 (Groundball, P)
|
Batting: LHB Brett Gardner
|
0-0: Foul Ball, location: 2F 0-1: Fly out, F9 (Flyball, 9LS)
|
Batting: RHB Jose Peraza
|
0-0: Ball 1-0: Ball 2-0: SINGLE (Line Drive, 89M) David Freese scores Evan Gattis to third Runner from 3rd tries for Home, SAFE, no throw by RF
|
Batting: RHB Josh Donaldson
|
0-0: Ball Jose Peraza is caught stealing 2nd base 2-4
|
Bottom of the 4th over - 6 runs, 6 hits, 0 errors, 0 left on base; Philadelphia 5 - Los Angeles 6 |
TOP OF THE 5TH |
Philadelphia Phillies batting - Pitching for Los Angeles Dodgers : RHP Chris Archer
|
Pitching: RHP Scott Oberg
|
|
Batting: LHB Justin Bour
|
0-0: Ground out U3 (Groundball, 3)
|
Batting: LHB Kole Calhoun
|
0-0: Ball 1-0: Ball 2-0: Called Strike 2-1: Fly out, F6 (Popup, 4)
|
Batting: RHB Carson Kelly
|
0-0: Called Strike 0-1: Foul Ball, location: 2F 0-2: Foul Ball, location: 2F 0-2: Strikes out swinging
|
Top of the 5th over - 0 runs, 0 hits, 0 errors, 0 left on base; Philadelphia 5 - Los Angeles 6 |
BOTTOM OF THE 5TH |
Los Angeles Dodgers batting - Pitching for Philadelphia Phillies : RHP Zack Godley
|
Batting: RHB Josh Donaldson
|
0-0: DOUBLE (Line Drive, 89M)
|
Pitching: RHP Seung-hwan Oh
|
|
Batting: RHB Randal Grichuk
|
0-0: Foul Ball, location: 2F 0-1: Ball 1-1: Ball 2-1: Ball 3-1: Foul Ball, location: 2F 3-2: SINGLE (Groundball, 56D) Josh Donaldson to third Runner from 3rd tries for Home, SAFE, throw by LF to home
|
Batting: RHB Jonathan Schoop
|
0-0: Called Strike 0-1: Ball 1-1: Ball 2-1: Foul Ball, location: 2F 2-2: Ball 3-2: Strikes out swinging
|
Batting: LHB Brian Goodwin
|
0-0: Called Strike 0-1: Grounds into double play, 3-6-1 (Groundball, 3)
|
Bottom of the 5th over - 1 run, 2 hits, 0 errors, 0 left on base; Philadelphia 5 - Los Angeles 7 |
TOP OF THE 6TH |
Philadelphia Phillies batting - Pitching for Los Angeles Dodgers : RHP Scott Oberg
|
Batting: RHB Scott Kingery
|
0-0: Called Strike 0-1: Ball 1-1: Fly out, F8 (Flyball, 8RS)
|
Batting: RHB Amed Rosario
|
0-0: Called Strike 0-1: Swinging Strike 0-2: Fly out, F8 (Line Drive, 8RM)
|
Pinch Hitting: RHB Jesus Aguilar
|
0-0: Foul Ball, location: 2F 0-1: Ball 1-1: Ball 2-1: Swinging Strike 2-2: Ball 3-2: Ground out 5-3 (Groundball, 56)
|
Top of the 6th over - 0 runs, 0 hits, 0 errors, 0 left on base; Philadelphia 5 - Los Angeles 7 |
BOTTOM OF THE 6TH |
Los Angeles Dodgers batting - Pitching for Philadelphia Phillies : RHP Seung-hwan Oh
|
Pitching: RHP Sergio Romo
|
|
Batting: RHB David Freese
|
0-0: Called Strike 0-1: Ground out 5-3 (Groundball, 56)
|
Batting: RHB Evan Gattis
|
0-0: Ball 1-0: SINGLE (Groundball, 6MD)
|
Pinch Hitting: RHB Sam Travis
|
0-0: Foul Ball, location: 2F 0-1: Called Strike 0-2: Foul Ball, location: 2F 0-2: Strikes out looking
|
Batting: LHB Brett Gardner
|
0-0: Swinging Strike 0-1: Ground out 4-3 (Groundball, 4)
|
Bottom of the 6th over - 0 runs, 1 hit, 0 errors, 1 left on base; Philadelphia 5 - Los Angeles 7 |
TOP OF THE 7TH |
Philadelphia Phillies batting - Pitching for Los Angeles Dodgers : RHP Scott Oberg
|
Pitching: RHP Phil Maton
|
|
Batting: LHB Leonys Martin
|
0-0: Called Strike 0-1: Fly out, F6 (Popup, 6MD)
|
Batting: RHB Todd Frazier
|
0-0: Foul Ball, location: 2F 0-1: Fly out, F8 (Flyball, 8LD)
|
Batting: RHB Giancarlo Stanton
|
0-0: Ground out U3 (Groundball, 34)
|
Top of the 7th over - 0 runs, 0 hits, 0 errors, 0 left on base; Philadelphia 5 - Los Angeles 7 |
BOTTOM OF THE 7TH |
Los Angeles Dodgers batting - Pitching for Philadelphia Phillies : RHP Sergio Romo
|
Batting: RHB Jose Peraza
|
0-0: Called Strike 0-1: Swinging Strike 0-2: Strikes out looking
|
Batting: RHB Josh Donaldson
|
0-0: Ground out 5-3 (Groundball, 56)
|
Batting: RHB Randal Grichuk
|
0-0: Swinging Strike 0-1: Swinging Strike 0-2: Ball 1-2: Strikes out swinging
|
Bottom of the 7th over - 0 runs, 0 hits, 0 errors, 0 left on base; Philadelphia 5 - Los Angeles 7 |
TOP OF THE 8TH |
Philadelphia Phillies batting - Pitching for Los Angeles Dodgers : RHP Phil Maton
|
Pitching: LHP Sam Freeman
|
|
Batting: LHB Justin Bour
|
0-0: Ball 1-0: Ball 2-0: Ground out U3 (Groundball, 3L)
|
Batting: LHB Kole Calhoun
|
0-0: Ball 1-0: Foul Ball, location: 2F 1-1: Foul Ball, location: 2F 1-2: Foul Ball, location: 2F 1-2: SINGLE (Groundball, 34D)
|
Pinch Runner at 1st Delino DeShields Jr.:
|
|
Batting: RHB Carson Kelly
|
0-0: Ball 1-0: Foul Ball, location: 2F 1-1: SINGLE (Line Drive, 9S) Delino DeShields Jr. to second
|
Pitching: RHP Jacob Barnes
|
|
Pinch Hitting: LHB Nicky Delmonico
|
0-0: DOUBLE (Line Drive, 9LM) Delino DeShields Jr. scores Carson Kelly to third
|
Batting: RHB Amed Rosario
|
0-0: Ball 1-0: Foul Ball, location: 2F 1-1: Foul Ball, location: 2F 1-2: Ball 2-2: Strikes out swinging, 2-3 out at first.
|
Pinch Hitting: RHB Carlos Tocci
|
0-0: Ground out 4-3 (Groundball, 4)
|
Top of the 8th over - 1 run, 3 hits, 0 errors, 2 left on base; Philadelphia 6 - Los Angeles 7 |
BOTTOM OF THE 8TH |
Los Angeles Dodgers batting - Pitching for Philadelphia Phillies : RHP Sergio Romo
|
Pitching: LHP Alex Claudio
|
|
Now at 2B: Delino DeShields Jr.
|
|
Now in RF: Nicky Delmonico
|
|
Batting: RHB Jonathan Schoop
|
0-0: Ball 1-0: Fly out, F7 (Flyball, 7S)
|
Batting: LHB Brian Goodwin
|
0-0: Ball 1-0: Ball 2-0: Called Strike 2-1: Called Strike 2-2: Fly out, F8 (Flyball, 89XD)
|
Batting: RHB David Freese
|
0-0: Called Strike 0-1: Foul Ball, location: 2F 0-2: Strikes out swinging
|
Bottom of the 8th over - 0 runs, 0 hits, 0 errors, 0 left on base; Philadelphia 6 - Los Angeles 7 |
TOP OF THE 9TH |
Philadelphia Phillies batting - Pitching for Los Angeles Dodgers : RHP Jacob Barnes
|
Pitching: RHP Cody Allen
|
|
Now at C: Tony Wolters
|
|
Now at 2B: Wilmer Difo
|
|
Batting: LHB Leonys Martin
|
0-0: Ball 1-0: Foul Ball, location: 2F 1-1: Foul Ball, location: 2F 1-2: Ball 2-2: Foul Ball, location: 2F 2-2: DOUBLE (Line Drive, 78XD)
|
Batting: RHB Todd Frazier
|
0-0: Ball Wild Pitch! Leonys Martin to third 1-0: Ball 2-0: Ball 3-0: Base on Balls
|
Batting: RHB Giancarlo Stanton
|
0-0: Foul Ball, location: 2F 0-1: Ball 1-1: Swinging Strike 1-2: Foul Ball, location: 2F 1-2: DOUBLE (Line Drive, 7LM) Leonys Martin scores Todd Frazier to third
|
Batting: LHB Justin Bour
|
0-0: Intentional Walk
|
Pitching: RHP Keynan Middleton
|
|
Batting: RHB Delino DeShields Jr.
|
0-0: Foul Ball, location: 2F 0-1: Ball 1-1: Ball 2-1: Called Strike 2-2: Foul Ball, location: 2F 2-2: Ball 3-2: Foul Ball, location: 2F 3-2: Foul Ball, location: 2F 3-2: Base on Balls Todd Frazier scores Giancarlo Stanton to third Justin Bour to second
|
Batting: RHB Carson Kelly
|
0-0: Called Strike 0-1: Ball 1-1: Called Strike 1-2: Grounds into fielders choice 6-2 (Groundball, 6) Justin Bour to third Delino DeShields Jr. to second
|
Batting: LHB Nicky Delmonico
|
0-0: Ball 1-0: Foul Ball, location: 2F 1-1: Foul Ball, location: 2F 1-2: SINGLE (Line Drive, 78S) Justin Bour scores Delino DeShields Jr. to third Carson Kelly to second Runner from 3rd tries for Home, SAFE, throw by LF to home
|
Batting: RHB Amed Rosario
|
0-0: SINGLE (Groundball, 34D) Carson Kelly to third Nicky Delmonico to second Runner from 3rd tries for Home, SAFE, no throw by RF
|
Pinch Hitting: LHB Brett Sullivan
|
0-0: Ball 1-0: Ball 2-0: Ball 3-0: Base on Balls Nicky Delmonico to third Amed Rosario to second
|
Batting: LHB Leonys Martin
|
0-0: DOUBLE (Groundball, 3L) Nicky Delmonico scores Amed Rosario scores Brett Sullivan to third
|
Batting: RHB Todd Frazier
|
0-0: Ball 1-0: Called Strike 1-1: Ball 2-1: Foul Ball, location: 2F 2-2: Ball Wild Pitch! Brett Sullivan scores Leonys Martin to third 3-2: Base on Balls
|
Batting: RHB Giancarlo Stanton
|
0-0: Called Strike 0-1: Ball 1-1: Ball 2-1: Ball 3-1: Called Strike 3-2: Foul Ball, location: 2F 3-2: Base on Balls Todd Frazier to second
|
Batting: LHB Justin Bour
|
0-0: Called Strike 0-1: Ball Wild Pitch! Leonys Martin scores Todd Frazier to third Giancarlo Stanton to second 1-1: Ball 2-1: Ball 3-1: Base on Balls
|
Batting: RHB Delino DeShields Jr.
|
0-0: Called Strike 0-1: Ball 1-1: Ball 2-1: Ball 3-1: Foul Ball, location: 2F 3-2: Foul Ball, location: 2F 3-2: Base on Balls Todd Frazier scores Giancarlo Stanton to third Justin Bour to second
|
Batting: RHB Carson Kelly
|
0-0: Called Strike 0-1: Foul Ball, location: 2F 0-2: Foul Ball, location: 2F 0-2: Ball 1-2: Ball 2-2: SINGLE (Line Drive, 78S) Giancarlo Stanton scores Justin Bour to third Delino DeShields Jr. to second
|
Pitching: RHP Jonathan Holder
|
|
Batting: LHB Nicky Delmonico
|
0-0: Ball 1-0: Ball 2-0: Ball 3-0: Called Strike 3-1: Called Strike 3-2: Fielders Choice at 2nd, 3-6 (Groundball, 34) Justin Bour scores Delino DeShields Jr. to third
|
Batting: RHB Amed Rosario
|
0-0: Swinging Strike 0-1: Foul Ball, location: 2F 0-2: Ball 1-2: Ball 2-2: Foul Ball, location: 2F 2-2: Ball 3-2: Base on Balls Nicky Delmonico to second
|
Batting: LHB Brett Sullivan
|
0-0: Called Strike 0-1: Fly out, F8 (Flyball, 8LM)
|
Top of the 9th over - 12 runs, 6 hits, 0 errors, 3 left on base; Philadelphia 18 - Los Angeles 7 |
BOTTOM OF THE 9TH |
Los Angeles Dodgers batting - Pitching for Philadelphia Phillies : LHP Alex Claudio
|
Pitching: RHP Nate Jones
|
|
Batting: LHB Tony Wolters
|
0-0: Foul Ball, location: 2F 0-1: Foul Ball, location: 2F 0-2: Foul Ball, location: 2F 0-2: Ball 1-2: Ball 2-2: Strikes out swinging
|
Batting: SHB Wilmer Difo
|
0-0: Ball 1-0: Swinging Strike 1-1: Ball 2-1: Ball 3-1: Fly out, F6 (Line Drive, 6)
|
Batting: LHB Brett Gardner
|
0-0: Called Strike 0-1: Ball 1-1: Foul Ball, location: 2F 1-2: Ground out 5-3 (Groundball, 5)
|
Bottom of the 9th over - 0 runs, 0 hits, 0 errors, 0 left on base; Philadelphia 18 - Los Angeles 7 |
|